AAA EAST
FLORIDA FIRE FROGS @ GWINNETT STRIPERS
05/28/2042
 
TOP OF THE 1ST
Florida Fire Frogs batting - Pitching for Gwinnett Stripers : RHP Jim Goscombe
Pitching: RHP Jim Goscombe
Batting: RHB José Rodríguez 0-0: Foul Ball, location: 23F
0-1: Ball
1-1: Ground out 5-3 (Groundball, 56, EV 103.8 MPH)
Batting: SHB Juan Arroyo 0-0: Called Strike
0-1: Ball
1-1: Fly out, F8 (Flyball, 8LM, EV 90.0 MPH)
Batting: LHB José Cardenas 0-0: Ball
1-0: Foul Ball, location: 5FF
1-1: Ball
2-1: Ball
3-1: Foul Ball, location: 2F
3-2: Strikes out swinging
Top of the 1st over - 0 runs, 0 hits, 0 errors, 0 left on base; Florida 0 - Gwinnett 0
BOTTOM OF THE 1ST
Gwinnett Stripers batting - Pitching for Florida Fire Frogs : RHP Chet Faulkner
Pitching: RHP Chet Faulkner
Batting: RHB Juan Cervantes 0-0: Ball
1-0: Ball
2-0: Ball
3-0: Base on Balls
Batting: RHB Sean Vaughan 0-0: Ball
1-0: Ball
2-0: SINGLE (Groundball, 6S, EV 66.3 MPH) (infield hit)
Juan Cervantes to second
Batting: RHB Sean O'Dennehy 0-0: Ball
1-0: Ball
2-0: Ball
3-0: Called Strike
3-1: Swinging Strike
3-2: Strikes out swinging
Batting: LHB Joey Huff 0-0: Ball
1-0: Ball
2-0: Grounds into double play, 4-6-3 (Groundball, 4, EV 103.8 MPH)
Bottom of the 1st over - 0 runs, 1 hit, 0 errors, 1 left on base; Florida 0 - Gwinnett 0
TOP OF THE 2ND
Florida Fire Frogs batting - Pitching for Gwinnett Stripers : RHP Jim Goscombe
Batting: SHB Víctor Zumaya 0-0: Foul Ball, location: 3SF
0-1: Ball
1-1: Swinging Strike
1-2: Foul Ball, location: 2F
1-2: SINGLE (Groundball, 4M, EV 96.9 MPH)
Batting: RHB Kade Piper 0-0: Called Strike
0-1: Ball
1-1: Ball
2-1: Grounds into double play, 6-4-3 (Groundball, 6, EV 88.8 MPH)
Batting: RHB Waggoner Jahnet 0-0: Ball
1-0: Ground out 6-3 (Groundball, 6, EV 105.0 MPH)
Top of the 2nd over - 0 runs, 1 hit, 0 errors, 0 left on base; Florida 0 - Gwinnett 0
BOTTOM OF THE 2ND
Gwinnett Stripers batting - Pitching for Florida Fire Frogs : RHP Chet Faulkner
Batting: RHB Sean Prince 0-0: Called Strike
0-1: Ground out 6-3 (Groundball, 6, EV 107.5 MPH)
Batting: RHB Chris Sullivan 0-0: Ball
1-0: Ball
2-0: Swinging Strike
2-1: Reached on error, E6 (Groundball, 6D, EV 91.3 MPH)
Batting: SHB Rob Alford 0-0: DOUBLE (Flyball, 89D, EV 105.0 MPH)
Chris Sullivan scores
Batting: RHB Dave Stuart 0-0: Ball
1-0: Called Strike
1-1: SINGLE (Groundball, 4MD, EV 110.6 MPH)
Rob Alford to third
Runner from 3rd tries for Home, SAFE, throw by CF to home
Batting: RHB Shawn Wright 0-0: Hit by Pitch
Dave Stuart to second
Batting: RHB Juan Cervantes 0-0: Ball
1-0: Ball
2-0: Foul Ball, location: 3F
2-1: Called Strike
2-2: SINGLE (Groundball, 34D, EV 101.3 MPH)
Dave Stuart to third
Shawn Wright to second
Batting: RHB Sean Vaughan 0-0: Ball
1-0: Grounds into double play, 6-4-3 (Groundball, 6, EV 105.0 MPH)
Bottom of the 2nd over - 2 runs, 3 hits, 1 error, 2 left on base; Florida 0 - Gwinnett 2
TOP OF THE 3RD
Florida Fire Frogs batting - Pitching for Gwinnett Stripers : RHP Jim Goscombe
Batting: SHB António Cisneros 0-0: Ball
1-0: Ball
2-0: Called Strike
2-1: Ball
3-1: Ground out 4-3 (Groundball, 4, EV 92.5 MPH)
Batting: RHB Jorge García 0-0: Called Strike
0-1: Foul Ball, location: 2F
0-2: Ball
1-2: Fly out, F8 (Flyball, 8RD, EV 90.6 MPH)
Batting: RHB Ed Walker 0-0: Fly out, F8 (Flyball, 8RXD, EV 84.4 MPH)
Top of the 3rd over - 0 runs, 0 hits, 0 errors, 0 left on base; Florida 0 - Gwinnett 2
BOTTOM OF THE 3RD
Gwinnett Stripers batting - Pitching for Florida Fire Frogs : RHP Chet Faulkner
Batting: RHB Sean O'Dennehy 0-0: Swinging Strike
0-1: Called Strike
0-2: Ball
1-2: Ball
2-2: Ball
3-2: Foul Ball, location: 2F
3-2: Strikes out looking
Batting: LHB Joey Huff 0-0: Ball
1-0: Called Strike
1-1: Swinging Strike
1-2: Foul Ball, location: 9LSFF
1-2: Ball
2-2: Ball
3-2: Base on Balls
Batting: RHB Sean Prince 0-0: Swinging Strike
0-1: Swinging Strike
0-2: Ball
1-2: Strikes out swinging
Batting: RHB Chris Sullivan 0-0: Ball
1-0: Ball
2-0: Ball
3-0: Base on Balls
Joey Huff to second
Batting: SHB Rob Alford 0-0: Fly out, F6 (Popup, 6MS, EV 68.8 MPH)
Bottom of the 3rd over - 0 runs, 0 hits, 0 errors, 2 left on base; Florida 0 - Gwinnett 2
TOP OF THE 4TH
Florida Fire Frogs batting - Pitching for Gwinnett Stripers : RHP Jim Goscombe
Batting: RHB José Rodríguez 0-0: Ground out 3-1 (Groundball, 34S, EV 91.9 MPH)
Batting: SHB Juan Arroyo 0-0: Ball
1-0: Fly out, F6 (Line Drive, 6MD, EV 68.8 MPH)
Batting: LHB José Cardenas 0-0: Ball
1-0: Swinging Strike
1-1: Swinging Strike
1-2: Strikes out looking
Top of the 4th over - 0 runs, 0 hits, 0 errors, 0 left on base; Florida 0 - Gwinnett 2
BOTTOM OF THE 4TH
Gwinnett Stripers batting - Pitching for Florida Fire Frogs : RHP Chet Faulkner
Batting: RHB Dave Stuart 0-0: Called Strike
0-1: Foul Ball, location: 2F
0-2: Ball
1-2: Strikes out swinging
Batting: RHB Shawn Wright 0-0: Ball
1-0: Ball
2-0: Ball
3-0: Called Strike
3-1: Base on Balls
Batting: RHB Juan Cervantes Pickoff Play to 1st, Runner tries for 2nd, OUT after rundown.
0-0: Ball
1-0: Fly out, F8 (Flyball, 8LD, EV 100.0 MPH)
Bottom of the 4th over - 0 runs, 0 hits, 0 errors, 0 left on base; Florida 0 - Gwinnett 2
TOP OF THE 5TH
Florida Fire Frogs batting - Pitching for Gwinnett Stripers : RHP Jim Goscombe
Batting: SHB Víctor Zumaya 0-0: Ball
1-0: Ball
2-0: Foul Ball, location: 5FF
2-1: Fly out, F4 (Popup, 34S, EV 72.5 MPH)
Batting: RHB Kade Piper 0-0: Called Strike
0-1: Ball
1-1: Fly out, F8 (Flyball, 8LM, EV 75.0 MPH)
Batting: RHB Waggoner Jahnet 0-0: Foul Ball, location: 9LMF
0-1: Ball
1-1: Foul Ball, location: 2LF
1-2: SOLO HOME RUN (Flyball, 7D, EV 96.9 MPH), Distance : 363 ft
Batting: SHB António Cisneros 0-0: Ball
1-0: Ball
2-0: Foul Ball, location: 23F
2-1: SINGLE (Groundball, 6, EV 104.4 MPH) (infield hit)
Batting: RHB Jorge García 0-0: Called Strike
António Cisneros steals 2nd base
0-1: Fly out, F7 (Flyball, 7D, EV 94.4 MPH)
Top of the 5th over - 1 run, 2 hits, 0 errors, 1 left on base; Florida 1 - Gwinnett 2
BOTTOM OF THE 5TH
Gwinnett Stripers batting - Pitching for Florida Fire Frogs : RHP Chet Faulkner
Batting: RHB Sean Vaughan 0-0: Fly out, F4 (Popup, 13, EV 90.6 MPH)
Batting: RHB Sean O'Dennehy 0-0: Called Strike
0-1: Ground out 1-3 (Groundball, 15S, EV 54.4 MPH)
Batting: LHB Joey Huff 0-0: Ball
1-0: Foul Ball, location: 7LSF
1-1: Ground out 4-3 (Groundball, 4, EV 86.9 MPH)
Bottom of the 5th over - 0 runs, 0 hits, 0 errors, 0 left on base; Florida 1 - Gwinnett 2
TOP OF THE 6TH
Florida Fire Frogs batting - Pitching for Gwinnett Stripers : RHP Jim Goscombe
Batting: RHB Ed Walker 0-0: Ball
1-0: Called Strike
1-1: Ground out 6-3 (Groundball, 6, EV 85.6 MPH)
Batting: RHB José Rodríguez 0-0: Called Strike
0-1: Ball
1-1: Ball
2-1: Ball
3-1: Fly out, F7 (Flyball, 78M, EV 88.1 MPH)
Batting: SHB Juan Arroyo 0-0: Called Strike
0-1: Ball
1-1: Foul Ball, location: 2F
1-2: Ball
2-2: Ball
3-2: Foul Ball, location: 5SF
3-2: Ground out 4-3 (Groundball, 4, EV 106.9 MPH)
Top of the 6th over - 0 runs, 0 hits, 0 errors, 0 left on base; Florida 1 - Gwinnett 2
BOTTOM OF THE 6TH
Gwinnett Stripers batting - Pitching for Florida Fire Frogs : RHP Chet Faulkner
Batting: RHB Sean Prince 0-0: Ball
1-0: Ball
2-0: DOUBLE (Flyball, 8RXD, EV 101.9 MPH)
Batting: RHB Chris Sullivan 0-0: Foul Ball, location: 9LSF
0-1: Foul Ball, location: 2F
0-2: Strikes out looking
Batting: SHB Rob Alford 0-0: Ball
1-0: Ball
2-0: Ball
3-0: Base on Balls
Batting: RHB Dave Stuart 0-0: Grounds into double play, 3-6-1 (Groundball, 34, EV 83.8 MPH)
Bottom of the 6th over - 0 runs, 1 hit, 0 errors, 1 left on base; Florida 1 - Gwinnett 2
TOP OF THE 7TH
Florida Fire Frogs batting - Pitching for Gwinnett Stripers : RHP Jim Goscombe
Batting: LHB José Cardenas 0-0: Fly out, F8 (Flyball, 8RD, EV 96.9 MPH)
Batting: SHB Víctor Zumaya 0-0: Ball
1-0: Ball
2-0: Ball
3-0: Called Strike
3-1: Foul Ball, location: 3F
3-2: Fly out, F7 (Flyball, 7S, EV 87.5 MPH)
Batting: RHB Kade Piper 0-0: Called Strike
0-1: Called Strike
0-2: Ball
1-2: Strikes out looking
Top of the 7th over - 0 runs, 0 hits, 0 errors, 0 left on base; Florida 1 - Gwinnett 2
BOTTOM OF THE 7TH
Gwinnett Stripers batting - Pitching for Florida Fire Frogs : RHP Chet Faulkner
Batting: RHB Shawn Wright 0-0: Fly out, F7 (Flyball, 7S, EV 91.3 MPH)
Batting: RHB Juan Cervantes 0-0: Called Strike
0-1: Called Strike
0-2: Foul Ball, location: 9LMFF
0-2: Foul Ball, location: 2F
0-2: Ball
1-2: Ball
2-2: Ball
3-2: Ground out 4-3 (Groundball, 34D, EV 98.8 MPH)
Batting: RHB Sean Vaughan 0-0: Ball
1-0: Ball
2-0: Ground out U3 (Groundball, 34S, EV 71.3 MPH)
Bottom of the 7th over - 0 runs, 0 hits, 0 errors, 0 left on base; Florida 1 - Gwinnett 2
TOP OF THE 8TH
Florida Fire Frogs batting - Pitching for Gwinnett Stripers : RHP Jim Goscombe
Batting: RHB Waggoner Jahnet 0-0: Called Strike
0-1: Foul Ball, location: 5SF
0-2: Foul Ball, location: 5F
0-2: Ground out 4-3 (Groundball, 4, EV 104.4 MPH)
Batting: SHB António Cisneros 0-0: Called Strike
0-1: Called Strike
0-2: Hit by Pitch
Pinch Hitting: LHB Eric Vásquez 0-0: Called Strike
0-1: Called Strike
0-2: Ball
1-2: Fly out, F2 (Popup, 25F, EV 86.9 MPH)
Pinch Hitting: SHB Dave Williams 0-0: Called Strike
0-1: Fly out, F8 (Flyball, 8RD, EV 91.9 MPH)
Top of the 8th over - 0 runs, 0 hits, 0 errors, 1 left on base; Florida 1 - Gwinnett 2
BOTTOM OF THE 8TH
Gwinnett Stripers batting - Pitching for Florida Fire Frogs : RHP Chet Faulkner
Now at C: Álex Montáñez
Now at 1B: Dave Williams
Now at 2B: Juan Arroyo
Batting: RHB Sean O'Dennehy 0-0: Ground out U3 (Groundball, 3L, EV 81.3 MPH)
Batting: LHB Joey Huff 0-0: Foul Ball, location: 2F
0-1: Called Strike
0-2: Foul Ball, location: 2RF
0-2: Ball
1-2: Foul Ball, location: 7LMF
1-2: Ball
2-2: Foul Ball, location: 7LSF
2-2: Strikes out swinging
Batting: RHB Sean Prince 0-0: Ball
1-0: Foul Ball, location: 9LDF
1-1: Ball
2-1: Called Strike
2-2: Ground out 6-3 (Groundball, 6, EV 82.5 MPH)
Bottom of the 8th over - 0 runs, 0 hits, 0 errors, 0 left on base; Florida 1 - Gwinnett 2
TOP OF THE 9TH
Florida Fire Frogs batting - Pitching for Gwinnett Stripers : RHP Jim Goscombe
Pitching: LHP Phil Schmidt
Now at 1B: Joey Huff
Now at 3B: Artie McCall
Batting: RHB José Rodríguez 0-0: Ground out 5-3 (Groundball, 5L, EV 107.5 MPH)
Batting: SHB Juan Arroyo 0-0: Foul Ball, location: 2F
0-1: Called Strike
0-2: Ball
1-2: Ball
2-2: Ball
3-2: Ground out U3 (Groundball, 3, EV 101.3 MPH)
Batting: LHB José Cardenas 0-0: Swinging Strike
0-1: Swinging Strike
0-2: Foul Ball, location: 2F
0-2: Strikes out looking
Top of the 9th over - 0 runs, 0 hits, 0 errors, 0 left on base; Florida 1 - Gwinnett 2
Friday, May 3rd , 2024 - OOTP Baseball 24.10 Build 82